 Dungeon Crawl Stone Soup version 0.22-a0-587-g7d32d7c7ae (webtiles) character file.

115 RedPan the Grave Robber (level 4, -8/36 HPs)
             Began as a Deep Dwarf Necromancer on July 4, 2018.
             Mangled by a wyvern skeleton (13 damage)
             ... on level 4 of the Dungeon.
             The game lasted 00:06:23 (3490 turns).

RedPan the Grave Robber (Deep Dwarf Necromancer)    Turns: 3490, Time: 00:06:23

Health: -8/36      AC:  3    Str: 12    XL:     4   Next: 68%
Magic:  7/7        EV: 13    Int: 16    God:
Gold:   114        SH:  0    Dex: 13    Spells: 3/8 levels left

rFire    + . .     SeeInvis .   e - +1 dagger
rCold    . . .     Gourm    .   (no shield)
rNeg     . . .     Faith    .   a - +1 robe
rPois    .         Spirit   .   (no helmet)
rElec    .         Reflect  .   (no cloak)
rCorr    .         Harm     .   (no gloves)
MR       .....                  (no boots)
Stlth    ++........             (no amulet)
HPRegen  0.00/turn              h - ring of protection from fire
MPRegen  0.10/turn              (no ring)

@: non-regenerating, hasted, very quick
A: damage resistance, heal wounds, sense surroundings 1, no regeneration
a: Heal Wounds


You were on level 4 of the Dungeon.
You were not hungry.

You visited 1 branch of the dungeon, and saw 4 of its levels.

You collected 114 gold pieces.

Inventory:

Hand Weapons
 e - a +1 dagger (weapon)
 f - a +2 vampiric dagger
Armour
 a - a +1 robe (worn)
 g - a +2 leather armour of poison resistance
Magical Staves
 o - an uncursed staff of summoning
Jewellery
 h - a ring of protection from fire (left hand)
Scrolls
 b - 3 scrolls of teleportation
 d - a scroll of enchant weapon
 l - a scroll of blinking
 m - 2 scrolls of magic mapping
 q - a scroll of identify {unknown}
Potions
 n - a potion of might {unknown}
Comestibles
 c - a ration


   Skills:
 + Level 3.3 Dodging
 - Level 2.4 Stealth
 + Level 2.5 Spellcasting
 * Level 5.6 Necromancy


You had 3 spell levels left.
You knew the following spells:

 Your Spells              Type           Power        Failure   Level  Hunger
a - Pain                  Necr           ###.         1%          1    #......
b - Vampiric Draining     Necr           ###.......   6%          3    ###....
c - Animate Skeleton      Necr           N/A          1%          1    #......

Your spell library contained the following spells:

 Spells                   Type           Power        Failure   Level  Hunger
 Animate Dead             Necr           N/A          19%         4    #####..
 Regeneration             Chrm/Necr      ##........   19%         3    ###....


Dungeon Overview and Level Annotations

Branches:
Dungeon (4/15)
 Temple: D:4-7

Altars:


Innate Abilities, Weirdness & Mutations

You are resistant to damage.
You can heal yourself by infusing magical energy.
You passively map a small area around you.
You do not regenerate.


Message History

You hit the wyvern skeleton.
The wyvern skeleton is lightly damaged.
The wyvern skeleton bites you!
You hit the wyvern skeleton.
The wyvern skeleton is lightly damaged.
The wyvern skeleton misses you.
You hit the wyvern skeleton.
The wyvern skeleton is moderately damaged.
The wyvern skeleton bites you!
* * * LOW HITPOINT WARNING * * *
The wyvern skeleton closely misses you.
It was a potion of curing.
You feel better. The wyvern skeleton barely misses you.
It was a potion of haste.
You feel yourself speed up. The wyvern skeleton bites you!
* * * LOW HITPOINT WARNING * * *
It was a potion of mutation.
You feel extremely strange.
You feel stupid.
You feel clever. The wyvern skeleton bites you!
You die...

*
########################
........................
>
*######.################
* #######.## ####
.........## #...
..........# #...
..........###########...
#######'#.........##....
#@#.........##.... *
#Z#.........##.###
#.#.........##.### *
#.#............... ,
#.############.### * ,
?.. ,#....... ..# *
#.##...# ... ,, *
#.#..... , , , #.#.....


You could see a wyvern skeleton.

Vanquished Creatures
  An orc priest (D:3)
  An adder (D:4)
  A gnoll (D:1)
  3 worms
  A dart slug (D:3)
  3 leopard geckos
  5 orcs (D:3)
  A ball python (D:1)
  4 bats
  A giant cockroach (D:3)
  4 goblins
  10 hobgoblins
  3 kobolds (D:1)
  2 quokkas
  3 frilled lizards (D:3)
  5 rats
48 creatures vanquished.

Notes
Turn   | Place    | Note
-------+----------+-------------------------------------------
     0 | D:1      | RedPan the Deep Dwarf Necromancer began the quest for the Orb.
     0 | D:1      | Reached XP level 1. HP: 15/15 MP: 3/3
   263 | D:1      | Reached XP level 2. HP: 20/22 MP: 2/4
  1072 | D:2      | Reached skill level 5 in Necromancy
  1072 | D:2      | Reached XP level 3. HP: 12/28 MP: 0/6
  1077 | D:2      | Learned a level 3 spell: Vampiric Draining
  1145 | D:2      | Learned a level 1 spell: Animate Skeleton
  2722 | D:3      | Reached XP level 4. HP: 34/36 MP: 0/7
  3490 | D:4      | Gained mutation: You are dopey. (Int -2) [potion of mutation]
  3490 | D:4      | Lost mutation: You are dopey. (Int -2) [potion of mutation]
  3490 | D:4      | Mangled by a wyvern skeleton

Vault maps used:
D:1:      saegor_arrival_under_anarchy
D:4:      vehumet_altar_wand_db

Skill      XL: |  1  2  3 |
---------------+----------+-----
Spellcasting   | 2 |  2.5
Necromancy     | 5 |  5.6
Dodging        | 3 |  3.3
Stealth        | |  2.4

Action                   |  1- 3 |  4- 6 || total
-------------------------+-------+-------++-------
Melee: Club              |     3 |       ||     3
       Unarmed           |     2 |       ||     2
       Dagger            |    37 |    28 ||    65
 Cast: Pain              |    45 |     1 ||    46
       Vampiric Draining |    15 |     8 ||    23
  Use: Scroll            |     5 |     2 ||     7
       Potion            |       |     3 ||     3
 Stab: Sleeping          |     2 |       ||     2
  Eat: Chunk             |     4 |     4 ||     8
       Ration            |     1 |       ||     1
Armor: Robe              |     6 |     2 ||     8
Dodge: Dodged            |    51 |    19 ||    70

Table legend:
 A = Spawn XP
 B = Non-spawn XP
 C = Spawn XP percentage of total XP
 D = Spawn monster count
 E = Non-spawn monster count
 F = Spawn count percentage of total count
 G = Total turns spent on level
                    A         B        C        D         E        F      G
               +---------+---------+-------+---------+---------+-------+---------
         Total |       0 |     165 |   0.0 |       0 |      48 |   0.0 |  3490
               +---------+---------+-------+---------+---------+-------+---------
           D:1 |       0 |      36 |   0.0 |       0 |      13 |   0.0 |   932
           D:2 |       0 |      24 |   0.0 |       0 |      11 |   0.0 |   911
           D:3 |       0 |      87 |   0.0 |       0 |      22 |   0.0 |  1341
           D:4 |       0 |      18 |   0.0 |       0 |       2 |   0.0 |   306
               +---------+---------+-------+---------+---------+-------+---------
